Replay - ZvT - Heavy Queen Econ style with ling bane into ultra

Build Order

Get SALT Encoding   

  12  0:01  Drone  
  13  0:13  Overlord  
  13  0:18  Drone  
  14  0:32  Drone x2  
  16  0:37  Drone  
  17  0:53  Hatchery  
  16  0:58  Drone  
  16  1:01  Drone  
  18  1:13  Spawning Pool  
  18  1:16  Drone  
  18  1:19  Extractor  
  18  1:22  Drone  
  18  1:29  Drone  
  19  1:41  Drone  
  20  1:54  Overlord  
  20  2:00  Queen  
  22  2:05  Queen  
  24  2:09  Overlord  
  24  2:15  Zergling x2  
  24  2:16  Zergling x2  
  26  2:22  Metabolic Boost  
  26  2:28  Drone x2  
  28  2:31  Drone  
  28  2:36  Queen  
  31  2:43  Queen  
  33  2:47  Drone x3  
  36  3:03  Hatchery  
  35  3:14  Queen  
  35  3:19  Queen  
  40  3:20  Drone x2  
  40  3:24  Overlord  
  41  3:28  Drone x2  
  43  3:34  Overlord  
  43  3:49  Drone x8  
  49  3:58  Drone x5  
  54  4:04  Queen  
  56  4:14  Queen  
  58  4:18  Overlord  
  58  4:19  Overlord  
  58  4:20  Drone  
  58  4:21  Drone x2  
  61  4:37  Drone x9  
  70  4:46  Queen  
  72  4:56  Hatchery  
  71  5:02  Extractor  
  71  5:06  Extractor, Drone x4  
  71  5:07  Drone x2  
  75  5:09  Drone x3  
  75  5:10  Overlord x2  
  75  5:11  Hatchery  
  77  5:20  Zergling x4  
  77  5:21  Zergling x6  
  82  5:27  Queen  
  84  5:29  Drone  
  84  5:30  Zergling x6  
  88  5:38  Zergling x10  
  93  5:43  Drone  
  93  5:45  Hatchery  
  93  5:54  Lair  
  93  5:55  Hatchery  
  92  5:57  Drone  
  92  5:58  Drone x2  
  92  5:59  Evolution Chamber  
  92  6:00  Evolution Chamber  
  92  6:01  Baneling Nest  
  92  6:07  Overlord x3, Queen  
  93  6:21  Overlord x3  
  93  6:36  Zergling x8  
  93  6:37  Zergling x24  
  93  6:38  Zerg Ground Armor Level 1, Zerg Melee Weapons Level 1  
  109  6:42  Zergling x8  
  109  6:43  Zergling x2  
  109  6:47  Zergling x6  
  115  6:57  Centrifical Hooks  
  115  7:02  Drone x11  
  115  7:03  Drone  
  127  7:17  Extractor, Drone, Infestation Pit  
  127  7:18  Drone x2  
  127  7:19  Zergling x18  
  127  7:20  Zergling x2  
  138  7:28  Zergling x2  
  138  7:29  Zergling x14  
  137  7:49  Zergling x26  
  137  7:50  Zergling x12  
  145  8:07  Overlord x4  
  145  8:12  Zergling x16  
  153  8:24  Hive  
  153  8:30  Zergling x2  
  153  8:31  Zergling x42  
  172  8:40  Zerg Ground Armor Level 2, Zerg Melee Weapons Level 2  
  169  8:42  Zergling x14  
  175  8:50  Zergling x4  
  130  9:10  Zergling x34  
  146  9:20  Zergling x30  
  155  9:36  Zergling x2  
  155  9:37  Zergling x28  
  152  9:47  Zergling x12  
  152  9:48  Zergling x2  
  152  9:51  Adrenal Glands  
  158  9:53  Ultralisk Cavern  
Spawning Tool Build Advisor. Get it on Overwolf

Go to:

Details

  • Created by: gingerking
  • Published on: Jul 11, 2016
  • Modified on: Jul 11, 2016
  • Patch: Pre-3.8.0
Show
View Real Time Build Order
Export as new Build Order

Comments (2)

On Dec. 8, 2016, 10:15 p.m., zardilior  said:

Whats the point of just commenting on people who upload stuff if you are going to waste it like that daft

On July 17, 2016, 7:47 a.m., DaftMat  said:

Useless mate stop copy ALL the game of WCS that's useless.

Create an account to comment!